| TOP OF THE 1ST |
|
Portland Sea Dogs batting - Pitching for Jackson Generals : RHP Justin Wilkins
|
|
Pitching: RHP Justin Wilkins
|
|
|
Batting: RHB Matt Hinkle
|
0-0: Called Strike 0-1: Foul Ball, location: 2F 0-2: Fly out, F8 (Flyball, 8RXD, EV 96.9 MPH)
|
|
Batting: LHB Julian Toney
|
0-0: Ball 1-0: Called Strike 1-1: Swinging Strike 1-2: Strikes out swinging
|
|
Batting: RHB Jose Diaz
|
0-0: Called Strike 0-1: Swinging Strike 0-2: Ball 1-2: Strikes out swinging passed ball, reaches first!
|
|
Batting: LHB Noel Young
|
0-0: Ball 1-0: Called Strike 1-1: Fly out, F6 (Popup, 6S, EV 70.6 MPH)
|
| Top of the 1st over - 0 runs, 0 hits, 0 errors, 1 left on base; Portland 0 - Jackson 0 |
| BOTTOM OF THE 1ST |
|
Jackson Generals batting - Pitching for Portland Sea Dogs : RHP Jose Escobar
|
|
Pitching: RHP Jose Escobar
|
|
|
Batting: RHB Sean Peake
|
0-0: Ball 1-0: Ground out 6-3 (Groundball, 6, EV 91.2 MPH)
|
|
Batting: RHB Josh Ruhl
|
0-0: Swinging Strike 0-1: Ball 1-1: Swinging Strike 1-2: Strikes out swinging
|
|
Batting: LHB Tom Reynolds
|
0-0: Foul Ball, location: 2F 0-1: Swinging Strike 0-2: Foul Ball, location: 2F 0-2: Strikes out swinging
|
| Bottom of the 1st over - 0 runs, 0 hits, 0 errors, 0 left on base; Portland 0 - Jackson 0 |
| TOP OF THE 2ND |
|
Portland Sea Dogs batting - Pitching for Jackson Generals : RHP Justin Wilkins
|
|
Batting: RHB Carlos Nolasco
|
0-0: Foul Ball, location: 2F 0-1: Foul Ball, location: 2F 0-2: Ball 1-2: Strikes out looking
|
|
Batting: RHB Tommy Boudreaux
|
0-0: Ground out U3 (Groundball, 13, EV 90.0 MPH)
|
|
Batting: RHB John Chiesa
|
0-0: SINGLE (Line Drive, 3D, EV 107.5 MPH)
|
|
Batting: RHB Frank Sokolosky
|
0-0: Ground out 4-3 (Groundball, 4, EV 98.1 MPH)
|
| Top of the 2nd over - 0 runs, 1 hit, 0 errors, 1 left on base; Portland 0 - Jackson 0 |
| BOTTOM OF THE 2ND |
|
Jackson Generals batting - Pitching for Portland Sea Dogs : RHP Jose Escobar
|
|
Batting: RHB Robby Cuellar
|
0-0: Swinging Strike 0-1: Ball 1-1: Foul Ball, location: 2F 1-2: Strikes out looking
|
|
Batting: RHB Micah Roth
|
0-0: Called Strike 0-1: Ball 1-1: SOLO HOME RUN (Flyball, 7LD, EV 98.8 MPH), Distance : 360 ft
|
|
Batting: SHB Jose Castillo
|
0-0: Foul Ball, location: 2F 0-1: Ball 1-1: Ball 2-1: Fly out, F7 (Flyball, 7LM, EV 93.8 MPH)
|
|
Batting: SHB Tony de Lara
|
0-0: Swinging Strike 0-1: Called Strike 0-2: Ball 1-2: Ground out 5-3 (Groundball, 6S, EV 72.5 MPH)
|
| Bottom of the 2nd over - 1 run, 1 hit, 0 errors, 0 left on base; Portland 0 - Jackson 1 |
| TOP OF THE 3RD |
|
Portland Sea Dogs batting - Pitching for Jackson Generals : RHP Justin Wilkins
|
|
Batting: RHB Nick Cottrell
|
0-0: Called Strike 0-1: Ball 1-1: Fly out, F7 (Flyball, 7D, EV 99.4 MPH)
|
|
Batting: RHB Matt Hinkle
|
0-0: Ball 1-0: Fly out, F6 (Popup, P, EV 75.0 MPH)
|
|
Batting: LHB Julian Toney
|
0-0: Swinging Strike 0-1: Foul Ball, location: 2F 0-2: Ball 1-2: Ball 2-2: Foul Ball, location: 2F 2-2: Strikes out swinging
|
| Top of the 3rd over - 0 runs, 0 hits, 0 errors, 0 left on base; Portland 0 - Jackson 1 |
| BOTTOM OF THE 3RD |
|
Jackson Generals batting - Pitching for Portland Sea Dogs : RHP Jose Escobar
|
|
Batting: RHB Clay Statum
|
0-0: Called Strike 0-1: Foul Ball, location: 2F 0-2: Foul Ball, location: 2F 0-2: Ball 1-2: SINGLE (Groundball, 4M, EV 99.4 MPH) (infield hit)
|
|
Batting: LHB Adam Lancaster
|
0-0: Ball 1-0: Ball 2-0: Ball 3-0: Base on Balls Clay Statum to second
|
|
Batting: RHB Sean Peake
|
0-0: Ball 1-0: Called Strike 1-1: Called Strike 1-2: SINGLE (Groundball, 56D, EV 106.2 MPH) - runner OUT being hit by batted ball. (infield hit) Adam Lancaster to second
|
|
Batting: RHB Josh Ruhl
|
0-0: Fielders Choice at 2nd, 3-6 (Groundball, 3, EV 84.4 MPH) Adam Lancaster to third
|
|
Batting: LHB Tom Reynolds
|
0-0: Foul Ball, location: 2F 0-1: Ball 1-1: Ball 2-1: Called Strike 2-2: Foul Ball, location: 2F 2-2: Ground out 4-3 (Groundball, 4, EV 88.8 MPH)
|
| Bottom of the 3rd over - 0 runs, 2 hits, 0 errors, 2 left on base; Portland 0 - Jackson 1 |
| TOP OF THE 4TH |
|
Portland Sea Dogs batting - Pitching for Jackson Generals : RHP Justin Wilkins
|
|
Batting: RHB Jose Diaz
|
0-0: Ball 1-0: Foul Ball, location: 2F 1-1: Called Strike 1-2: Ball 2-2: Foul Ball, location: 2F 2-2: Fly out, F3 (Popup, 3SF, EV 74.4 MPH)
|
|
Batting: LHB Noel Young
|
0-0: Ball 1-0: Called Strike 1-1: Foul Ball, location: 2F 1-2: Reached on error, E3 (Groundball, 34, EV 103.1 MPH)
|
|
Batting: RHB Carlos Nolasco
|
0-0: Foul Ball, location: 2F 0-1: Ball 1-1: Foul Ball, location: 2F 1-2: Ball 2-2: Foul Ball, location: 2F 2-2: Strikes out looking
|
|
Batting: RHB Tommy Boudreaux
|
0-0: Ground out 6-3 (Groundball, 56, EV 103.1 MPH)
|
| Top of the 4th over - 0 runs, 0 hits, 1 error, 1 left on base; Portland 0 - Jackson 1 |
| BOTTOM OF THE 4TH |
|
Jackson Generals batting - Pitching for Portland Sea Dogs : RHP Jose Escobar
|
|
Batting: RHB Robby Cuellar
|
0-0: Fly out, F9 (Flyball, 9S, EV 92.5 MPH)
|
|
Batting: RHB Micah Roth
|
0-0: Foul Ball, location: 2F 0-1: Ball 1-1: Ball 2-1: Called Strike 2-2: Foul Ball, location: 2F 2-2: Ground out 6-3 (Groundball, 56, EV 82.5 MPH)
|
|
Batting: SHB Jose Castillo
|
0-0: Called Strike 0-1: Swinging Strike 0-2: Ball 1-2: Ground out 1-3 (Groundball, 15S, EV 73.1 MPH)
|
| Bottom of the 4th over - 0 runs, 0 hits, 0 errors, 0 left on base; Portland 0 - Jackson 1 |
| TOP OF THE 5TH |
|
Portland Sea Dogs batting - Pitching for Jackson Generals : RHP Justin Wilkins
|
|
Batting: RHB John Chiesa
|
0-0: Ball 1-0: Called Strike 1-1: Ball 2-1: Foul Ball, location: 2F 2-2: Ball 3-2: Fly out, F7 (Line Drive, 7, EV 86.9 MPH)
|
|
Batting: RHB Frank Sokolosky
|
0-0: Foul Ball, location: 2F 0-1: Ball 1-1: Ground out 5-3 (Groundball, 56S, EV 72.5 MPH)
|
|
Batting: RHB Nick Cottrell
|
0-0: Called Strike 0-1: Foul Ball, location: 2F 0-2: Foul Ball, location: 2F 0-2: Strikes out looking
|
| Top of the 5th over - 0 runs, 0 hits, 0 errors, 0 left on base; Portland 0 - Jackson 1 |
| BOTTOM OF THE 5TH |
|
Jackson Generals batting - Pitching for Portland Sea Dogs : RHP Jose Escobar
|
|
Batting: SHB Tony de Lara
|
0-0: Called Strike 0-1: Ball 1-1: Foul Ball, location: 2F 1-2: Ball 2-2: Foul Ball, location: 2F 2-2: Fly out, F8 (Flyball, 8LD, EV 96.9 MPH)
|
|
Batting: RHB Clay Statum
|
0-0: Called Strike 0-1: Ball 1-1: Ball 2-1: Ball 3-1: Called Strike 3-2: Strikes out swinging
|
|
Batting: LHB Adam Lancaster
|
0-0: Ball 1-0: Ball 2-0: SINGLE (Line Drive, 5D, EV 98.1 MPH)
|
|
Batting: RHB Sean Peake
|
0-0: Ball 1-0: Foul Ball, location: 2F 1-1: Swinging Strike 1-2: Foul Ball, location: 2F 1-2: Strikes out swinging
|
| Bottom of the 5th over - 0 runs, 1 hit, 0 errors, 1 left on base; Portland 0 - Jackson 1 |
| TOP OF THE 6TH |
|
Portland Sea Dogs batting - Pitching for Jackson Generals : RHP Justin Wilkins
|
|
Batting: RHB Matt Hinkle
|
0-0: Called Strike 0-1: Swinging Strike 0-2: Ball 1-2: Strikes out swinging
|
|
Batting: LHB Julian Toney
|
0-0: Ball 1-0: Swinging Strike 1-1: Ball 2-1: Ball 3-1: Foul Ball, location: 2F 3-2: Strikes out looking
|
|
Batting: RHB Jose Diaz
|
0-0: SINGLE (Groundball, P, EV 90.6 MPH) (infield hit)
|
|
Batting: LHB Noel Young
|
0-0: Ball 1-0: Ball Jose Diaz steals 2nd base 2-0: Ball 3-0: Called Strike 3-1: DOUBLE (Line Drive, 78D, EV 104.4 MPH) Jose Diaz scores
|
|
Batting: RHB Carlos Nolasco
|
0-0: Called Strike 0-1: Foul Ball, location: 2F 0-2: DOUBLE (Line Drive, 9LS, EV 101.9 MPH) Noel Young scores
|
|
Batting: RHB Tommy Boudreaux
|
0-0: Fly out, F9 (Flyball, 9, EV 95.6 MPH)
|
| Top of the 6th over - 2 runs, 3 hits, 0 errors, 1 left on base; Portland 2 - Jackson 1 |
| BOTTOM OF THE 6TH |
|
Jackson Generals batting - Pitching for Portland Sea Dogs : RHP Jose Escobar
|
|
Batting: RHB Josh Ruhl
|
0-0: Ground out 6-3 (Groundball, 56, EV 85.6 MPH)
|
|
Batting: LHB Tom Reynolds
|
0-0: Called Strike 0-1: Called Strike 0-2: Ground out 4-3 (Groundball, 4, EV 82.5 MPH)
|
|
Batting: RHB Robby Cuellar
|
0-0: Called Strike 0-1: Foul Ball, location: 2F 0-2: Ball 1-2: SINGLE (Line Drive, 4D, EV 103.1 MPH)
|
|
Batting: RHB Micah Roth
|
0-0: Ball 1-0: SINGLE (Groundball, 56D, EV 103.1 MPH) Robby Cuellar to second
|
|
Pinch Runner at 2nd Jawad Fahad:
|
|
|
Batting: SHB Jose Castillo
|
0-0: Called Strike 0-1: Foul Ball, location: 2F 0-2: DOUBLE (Groundball, 3L, EV 106.2 MPH) Jawad Fahad scores Micah Roth to third Runner from 3rd tries for Home, SAFE, no throw by RF
|
|
Batting: SHB Tony de Lara
|
0-0: Called Strike 0-1: Ground out 5-3 (Groundball, 56, EV 81.2 MPH)
|
| Bottom of the 6th over - 2 runs, 3 hits, 0 errors, 1 left on base; Portland 2 - Jackson 3 |
| TOP OF THE 7TH |
|
Portland Sea Dogs batting - Pitching for Jackson Generals : RHP Justin Wilkins
|
|
Batting: RHB John Chiesa
|
0-0: Ball 1-0: Ball 2-0: Ball 3-0: Called Strike 3-1: DOUBLE (Line Drive, 89XD, EV 103.8 MPH)
|
|
Batting: RHB Frank Sokolosky
|
0-0: Swinging Strike 0-1: Foul Ball, location: 2F 0-2: Ball 1-2: Ball 2-2: Foul Ball, location: 2F 2-2: DOUBLE (Groundball, 5L, EV 105.6 MPH) John Chiesa scores
|
|
Pitching: RHP Settan Suzuki
|
|
|
Batting: RHB Nick Cottrell
|
0-0: Called Strike 0-1: Ball 1-1: Foul Ball, location: 2F 1-2: Fly out, F7 (Line Drive, 7, EV 109.4 MPH)
|
|
Batting: RHB Matt Hinkle
|
0-0: Ball 1-0: Ball 2-0: Foul Ball, location: 2F 2-1: Foul Ball, location: 2F 2-2: Hit by Pitch
|
|
Batting: LHB Julian Toney
|
0-0: Ball 1-0: Fielders Choice at 2nd, 3-6 (Groundball, 34S, EV 84.4 MPH) Frank Sokolosky to third
|
|
Batting: RHB Jose Diaz
|
0-0: Called Strike 0-1: Ball 1-1: Ball 2-1: Called Strike 2-2: Ball 3-2: Strikes out swinging
|
| Top of the 7th over - 1 run, 2 hits, 0 errors, 2 left on base; Portland 3 - Jackson 3 |
| BOTTOM OF THE 7TH |
|
Jackson Generals batting - Pitching for Portland Sea Dogs : RHP Jose Escobar
|
|
Pitching: RHP Elliot Monroe
|
|
|
Batting: RHB Clay Statum
|
0-0: Swinging Strike 0-1: Ball 1-1: Ball 2-1: Called Strike 2-2: Foul Ball, location: 2F 2-2: Ground out 6-3 (Groundball, 6M, EV 85.6 MPH)
|
|
Batting: LHB Adam Lancaster
|
0-0: Ball 1-0: Called Strike 1-1: Ball 2-1: Called Strike 2-2: Ball 3-2: Ground out 4-3 (Groundball, 34, EV 96.9 MPH)
|
|
Batting: RHB Sean Peake
|
0-0: Ball 1-0: Ball 2-0: Called Strike 2-1: Hit by Pitch
|
|
Batting: RHB Josh Ruhl
|
0-0: Ball 1-0: Ball 2-0: Ball 3-0: Ground out 6-3 (Groundball, 56D, EV 109.4 MPH)
|
| Bottom of the 7th over - 0 runs, 0 hits, 0 errors, 1 left on base; Portland 3 - Jackson 3 |
| TOP OF THE 8TH |
|
Portland Sea Dogs batting - Pitching for Jackson Generals : RHP Settan Suzuki
|
|
Pitching: RHP Jamie Johnston
|
|
|
Batting: LHB Noel Young
|
0-0: Called Strike 0-1: Ball 1-1: Called Strike 1-2: Ball 2-2: Foul Ball, location: 2F 2-2: Ball 3-2: Strikes out looking
|
|
Batting: RHB Carlos Nolasco
|
0-0: Ground out 5-3 (Groundball, 25, EV 88.1 MPH)
|
|
Batting: RHB Tommy Boudreaux
|
0-0: Ball 1-0: Swinging Strike 1-1: Fly out, F7 (Flyball, 7S, EV 91.9 MPH)
|
| Top of the 8th over - 0 runs, 0 hits, 0 errors, 0 left on base; Portland 3 - Jackson 3 |
| BOTTOM OF THE 8TH |
|
Jackson Generals batting - Pitching for Portland Sea Dogs : RHP Elliot Monroe
|
|
Pitching: RHP Jim Whiteman
|
|
|
Batting: LHB Tom Reynolds
|
0-0: Called Strike 0-1: Ball 1-1: Foul Ball, location: 2F 1-2: Ball 2-2: Foul Ball, location: 2F 2-2: SINGLE (Line Drive, 7LS, EV 95.0 MPH)
|
|
Batting: LHB Jawad Fahad
|
0-0: Ball 1-0: Ball 2-0: Called Strike 2-1: Fielders Choice at 2nd, 6-4 (Groundball, 6M, EV 82.5 MPH)
|
|
Batting: RHB Micah Roth
|
0-0: Ball 1-0: SINGLE (Groundball, 56, EV 98.1 MPH) (infield hit) Jawad Fahad to second
|
|
Batting: SHB Jose Castillo
|
0-0: Ball 1-0: SINGLE (Groundball, 3D, EV 104.4 MPH) Jawad Fahad to third Micah Roth to second Runner from 3rd tries for Home, SAFE, throw by RF to home
|
|
Batting: SHB Tony de Lara
|
0-0: Swinging Strike 0-1: Ball 1-1: Called Strike 1-2: Grounds into double play, 4-6-3 (Groundball, 4, EV 91.9 MPH)
|
| Bottom of the 8th over - 1 run, 3 hits, 0 errors, 1 left on base; Portland 3 - Jackson 4 |
| TOP OF THE 9TH |
|
Portland Sea Dogs batting - Pitching for Jackson Generals : RHP Jamie Johnston
|
|
Pitching: RHP Willie Sanchez
|
|
|
Batting: RHB John Chiesa
|
0-0: Called Strike 0-1: SINGLE (Groundball, 6, EV 96.2 MPH)
|
|
Batting: RHB Frank Sokolosky
|
0-0: Fielders Choice at 2nd, 4-6 (Groundball, 4, EV 80.0 MPH)
|
|
Pinch Hitting: LHB Blake Sams
|
0-0: Ball 1-0: Ball 2-0: Foul Ball, location: 2F 2-1: Ball 3-1: Fielders Choice at 2nd, 6-4 (Groundball, 6, EV 103.8 MPH)
|
|
Batting: RHB Matt Hinkle
|
0-0: Called Strike 0-1: Ball 1-1: Ball 2-1: Ball 3-1: Called Strike 3-2: Strikes out swinging
|
| Top of the 9th over - 0 runs, 1 hit, 0 errors, 1 left on base; Portland 3 - Jackson 4 |
|